 Dungeon Crawl Stone Soup version 0.30-a0-964-gd452b5e7fa (webtiles) character file.

Game seed: 9700394970270344972

64 retardedninja the Covered (level 3, -4/33 HPs)
             Began as an Armataur Fighter on Mar 30, 2023.
             Slain by a water moccasin (5 damage)
             ... on level 3 of the Dungeon.
             The game lasted 00:02:12 (1708 turns).

retardedninja the Covered (Armataur Fighter)        Turns: 1708, Time: 00:02:13

Health: -4/33      AC: 10    Str: 31    XL:     3   Next: 91%
Magic:  3/3        EV:  7    Int:  7    God:
Gold:   137        SH:  5    Dex: 14    Spells: 2/2 levels left

rFire   . . .      SeeInvis .    a - +0 long sword
rCold   . . .      Faith    .    c - +0 buckler
rNeg    . . .      Spirit   .    b - +0 scale mail
rPois   .          Reflect  .    (no helmet)
rElec   .          Roll     +    (no cloak)
rCorr   .          Rnd*Tele +    n - +2 pair of gloves
Will    .....                    (no barding)
Stlth   ++                       (no amulet)
HPRegen 0.25/turn                k - +6 ring of strength
MPRegen 0.08/turn                (no ring)

@: mighty, lethally poisoned (-4 -> -22), attractive
A: large, rugged brown scales 3, deformed body, armoured tail, roll, long
tongue, awkward tongue, talons 1, thin skeletal structure 2, sense surroundings
1, strong 1, teleportitis 1
a: no special abilities


You were on level 3 of the Dungeon.
You visited 1 branch of the dungeon, and saw 3 of its levels.

You collected 137 gold pieces.

Inventory:

Hand Weapons
 a - a +0 long sword (weapon)
Armour
 b - a +0 scale mail (worn)
 c - a +0 buckler (worn)
 n - a +2 pair of gloves (worn)
Jewellery
 k - a +6 ring of strength (left hand)
Scrolls
 e - 3 scrolls of fog {unknown}
 f - 2 scrolls of identify {unknown}
 g - a scroll of enchant weapon {unknown}
 p - a scroll of teleportation {unknown}
Potions
 d - 2 potions of might
 i - a potion of attraction
 j - a potion of haste {unknown}
 m - a potion of degeneration {unknown}
 o - a potion of ambrosia {unknown}


   Skills:
 + Level 3.1 Fighting
 * Level 2.8 Long Blades
 + Level 4.2 Armour
 + Level 3.7 Shields


You had 2 spell levels left.
You didn't know any spells.
Your spell library contained the following spells:

 Spells                   Type           Power      Damage    Failure   Level
 Inner Flame              Hex/Fire       0%         N/A       98%         3
 Summon Guardian Golem    Hex/Summ       0%         N/A       98%         3
 Cause Fear               Hex            0%         N/A       100%        4
 Orb of Destruction       Conj           0%         9d5       100%        7
 Spellforged Servitor     Conj/Summ      0%         N/A       100%        7
 Discord                  Hex            0%         N/A       100%        8


Dungeon Overview and Level Annotations

Branches:
Dungeon (3/15)

Altars:


Innate Abilities, Weirdness & Mutations

You are completely covered in rugged brown scales. (AC +3, +7% HP)
Armour fits poorly on your strangely shaped body.
You have a long armoured tail.
You roll when moving toward enemies. (Rampage)
Your long tongue fully drains potion bottles. (2x potion effects)
Your tongue gives you trouble enunciating. (1.5x scroll delay)
You have sharp toenails.
You have a moderately thin skeletal structure. (Dex +4, Stealth++)
You passively map a small area around you.
Your muscles are strong. (Str +4, Int/Dex -1)
You are occasionally teleported next to monsters.


Message History

You feel very sick.
The water moccasin bites you but does no damage. x2
Unknown command.
It was a potion of attraction.
You feel attractive to monsters.
You slurp down every last drop of the potion of attraction!
* * * LOW HITPOINT WARNING * * *
You feel sick.
The water moccasin bites you but does no damage.
It was a potion of curing.
You feel better.
You slurp down every last drop of the potion of curing!
The water moccasin misses you. The water moccasin bites you.
You feel very mighty all of a sudden.
You slurp down every last drop of the potion of might!
The water moccasin bites you but does no damage.
You miss the water moccasin.
The water moccasin is lightly wounded.
The water moccasin bites you.
You are poisoned.
The water moccasin poisons you!
The water moccasin bites you but does no damage.
You closely miss the water moccasin.
Your tail-slap misses the water moccasin.
The water moccasin is lightly wounded.
You feel very sick. The water moccasin bites you.
You are more poisoned.
The water moccasin poisons you!
It was a potion of mutation.
You feel extremely strange.
You feel stronger.
Your toenails lengthen and sharpen.
You feel a strange attunement to the structure of the dungeons.
You feel weirdly uncertain.
Your bones become slightly less dense.
Your bones become somewhat less dense.
You slurp down every last drop of the potion of mutation!
* * * LOW HITPOINT WARNING * * *
You feel very sick. The water moccasin bites you.
* * * LOW HITPOINT WARNING * * *
The water moccasin bites you.
You die...

#. # * #...#* * ##.#. *
, , ... , * ##.########
, #.........# .# *
###.........# ...#
#...........# .###'
#.#...@S....# ....
#.#.........# .##.,
#.#.........# .#
###.#.........# .#
###...#.........#
..#####...###.........#
..#.....### #.........#
....##### ###########
+#.##


You could see a water moccasin.

Vanquished Creatures
  A worm (D:2)
  2 dart slugs (D:1)
  4 orcs (D:3)
  2 endoplasms (D:1)
  A giant cockroach (D:1)
  5 goblins
  11 hobgoblins
  8 kobolds
  3 quokkas (D:1)
  6 ball pythons
  2 bats
  A frilled lizard (D:2)
  A rat (D:2)
47 creatures vanquished.

Notes
Turn   | Place    | Note
-------+----------+-------------------------------------------
     0 | D:1      | retardedninja the Armataur Fighter began the quest for the
                  | Orb.
     0 | D:1      | Reached XP level 1. HP: 19/19 MP: 1/1
   272 | D:1      | Reached XP level 2. HP: 23/26 MP: 2/2
   311 | D:1      | Found a faded altar of an unknown god.
   520 | D:1      | Reached XP level 3. HP: 28/33 MP: 3/3
   527 | D:1      | Reached skill level 4 in Armour
  1695 | D:3      | Noticed a water moccasin
  1708 | D:3      | Gained mutation: Your muscles are strong. (Str +4, Int/Dex
                  | -1) [potion of mutation]
  1708 | D:3      | Gained mutation: You have sharp toenails. [potion of
                  | mutation]
  1708 | D:3      | Gained mutation: You passively map a small area around you.
                  | [potion of mutation]
  1708 | D:3      | Gained mutation: You are occasionally teleported next to
                  | monsters. [potion of mutation]
  1708 | D:3      | Gained mutation: You have a somewhat thin skeletal
                  | structure. (Dex +2, Stealth+) [potion of mutation]
  1708 | D:3      | Gained mutation: You have a moderately thin skeletal
                  | structure. (Dex +4, Stealth++) [potion of mutation]
  1708 | D:3      | HP: 1/33 [water moccasin (6)]
  1708 | D:3      | Slain by a water moccasin

Illustrated notes

Levels and vault maps discovered:
D:1:      lemuel_arrival_lava_pool, layout_rooms,
          hellmonk_ecumenical_altar_defaced_shrine, minmay_misc_feat_nine_boxes
D:2:      layout_basic, nicolae_elevator_lobby_plus
D:3:      layout_basic, mainiacjoe_overflow_two_lobes

Skill      XL: |  1  2  3 |
---------------+----------+-----
Long Blades    | 2 |  2.8
Fighting       | 3 |  3.1
Armour         | 4 |  4.2
Shields        | |  3.7

Action                     || total
---------------------------++-------
  Melee: Long sword        ||   125
         Tailslap          ||    19
    Use: Potion            ||     4
 Armour: Scale mail        ||    63
  Dodge: Dodged            ||    43
  Block: Buckler           ||    23

Table legend: (Time is in decaauts)
 A = Elapsed time spent in this place.
 B = Non-inter-level travel time spent in this place.
 C = Inter-level travel time spent in this place.
 D = Time resting spent in this place.
 E = Time spent auto-exploring this place.
 F = Levels seen in this place.
 G = Mean time per level.
                   A        B        C        D        E       F      G
               +--------+--------+--------+--------+--------+-----+--------+
         Total |   1744 |   1703 |     41 |    160 |   1170 |   3 |  581.3 |
       Dungeon |   1744 |   1703 |     41 |    160 |   1170 |   3 |  581.3 |
               +--------+--------+--------+--------+--------+-----+--------+

Top non-repeatable levels by time:
     D:2: 818 daAuts
     D:1: 700 daAuts
     D:3: 225 daAuts
